 Dungeon Crawl Stone Soup version 0.28.0-62-gf88900778d (webtiles) character file.

Game seed: 13720434526752452186

15 OrthodoxDeviant the Ruffian (level 2, 17/27 HPs)
             Began as a Ghoul Monk on Apr 23, 2023.
             Quit the game on level 1 of the Dungeon.
             The game lasted 00:00:44 (563 turns).

OrthodoxDeviant the Ruffian (Ghoul Monk)             Turns: 563, Time: 00:00:45

Health: 17/27      AC:  2    Str: 14    XL:     2   Next: 50%
Magic:  1/1        EV: 12    Int:  5    God:
Gold:   37         SH:  0    Dex: 11    Spells: 1/1 levels left

rFire   . . .      SeeInvis .     - Unarmed
rCold   + . .      Faith    .   (no shield)
rNeg    + + +      Spirit   .   a - +0 robe
rPois   ∞          Reflect  .   (no helmet)
rElec   .          Harm     .   (no cloak)
rCorr   .          Rampage  .   (no gloves)
Will    .....                   (no boots)
Stlth   ++........              (no amulet)
HPRegen 0.09/turn               (no ring)
MPRegen 0.07/turn               (no ring)

@: no status effects
A: claws 1, cold resistance 1, negative energy resistance 3, inhibited
regeneration, torment resistance 2
a: no special abilities


You were on level 1 of the Dungeon.
You visited 1 branch of the dungeon, and saw 1 of its levels.

You collected 37 gold pieces.

Inventory:

Armour
 a - a +0 robe (worn)
Scrolls
 b - a scroll of vulnerability {unknown}
 c - a scroll of fear {unknown}
 d - a scroll of noise {unknown}
 e - a scroll of amnesia {unknown}
Potions
 f - a potion of lignification {unknown}


   Skills:
 + Level 3.7 Fighting
 - Level 2.6 Dodging
 - Level 2.1 Stealth
 + Level 3.8 Unarmed Combat


You had one spell level left.
You didn't know any spells.
Your spell library was empty.

Dungeon Overview and Level Annotations

Branches:
Dungeon (1/15)

Altars:


Innate Abilities, Weirdness & Mutations

You thrive by killing the living.
You are immune to poison.
You have sharp fingernails.
Your flesh is cold resistant. (rC+)
You are immune to negative energy. (rN+++)
You do not regenerate when monsters are visible.
You are immune to unholy pain and torment.


Message History

You kill the ball python!
You feel better.
No target in view!
No target in view!
You start resting.
A quokka is nearby!
The quokka bites you.
You claw the quokka!
You kill the quokka!
You feel better.
No target in view!
No target in view!
You see here a quokka corpse.
HP restored.
Things that are here:
a +0 short sword; 5 stones A kobold comes into view.
It is wielding a +0 short sword.
There is a stone staircase leading down here.
A kobold is nearby!
A kobold is nearby!
A kobold is nearby!
You barely miss the kobold. The kobold closely misses you.
You scratch the kobold.
The kobold is heavily wounded.
The kobold hits you with a +0 short sword.
You closely miss the kobold.
The kobold is heavily wounded.
The kobold hits you with a +0 short sword.
You barely miss the kobold.
The kobold is heavily wounded.
The kobold barely misses you.
You scratch the kobold but do no damage.
The kobold is heavily wounded.
The kobold hits you with a +0 short sword.
You scratch the kobold.
You kill the kobold!
You feel better.
No target in view!
No target in view!
Are you sure you want to abandon this character and quit the game? (Confirm with "yes".)

#######.# .......†##
.........# .#####...# ####
#...##### .... #........
... ##....... #.######.#
##.##### #.###....@)..# #.#
# #......>###### #.# #
#######.# ##.##### .#
####.#### #.....## ...
#.......# #.....##
....#......>########.......
....#..................#.##
........)...#######.....##
...#.......## ##...###


There were no monsters in sight!

Vanquished Creatures
  2 ball pythons (D:1)
  2 giant cockroaches (D:1)
  4 jackals (D:1)
  A quokka (D:1)
  A frilled lizard (D:1)
  2 kobolds (D:1)
  A rat (D:1)
13 creatures vanquished.

Notes
Turn   | Place    | Note
-------+----------+-------------------------------------------
     0 | D:1      | OrthodoxDeviant the Ghoul Monk began the quest for the Orb.
     0 | D:1      | Reached XP level 1. HP: 19/19 MP: 0/0
   177 | D:1      | Reached XP level 2. HP: 26/26 MP: 1/1
   563 | D:1      | Quit the game

Illustrated notes

Levels and vault maps discovered:
D:1:      saegor_arrival_simple_a, layout_loops_ring,
          hangedman_abyss_or_decor_stabs

Action                   || total
-------------------------++-------
Melee: Unarmed           ||    53
 Stab: Sleeping          ||     2
Armor: Robe              ||     7
Dodge: Dodged            ||    32
